 Dungeon Crawl Stone Soup version 0.29-a0-284-gf9362112df (webtiles) character file.

Game seed: 16206144996158814214

8927 garrulousMonolith the Cleaver (level 11, -1/99 HPs)
             Began as a Hill Orc Monk on Mar 28, 2022.
             Was a High Priest of Beogh.
             Killed by divine providence
             ... invoked by a meliai
              (10 damage)
             ... on level 9 of the Dungeon.
             The game lasted 00:14:23 (10405 turns).

garrulousMonolith the Cleaver (Hill Orc Monk)      Turns: 10405, Time: 00:14:24

Health: -1/99      AC: 18    Str: 25    XL:     11   Next: 38%
Magic:  6/6        EV: 12    Int: 10    God:    Beogh [*****.]
Gold:   178        SH:  5    Dex: 13    Spells: 10/10 levels left

rFire   . . .      SeeInvis +   B - +4 war axe (antimagic)
rCold   . . .      Faith    .   f - +2 buckler
rNeg    . . .      Spirit   .   S - +0 plate armour
rPois   .          Reflect  .   Z - +0 helmet {SInv}
rElec   .          Harm     .   j - scarf {shadows}
rCorr   .          Rampage  .   (no gloves)
Will    .....                   z - +2 pair of boots
Stlth   ..........              (no amulet)
HPRegen 0.26/turn               p - +6 ring of strength
MPRegen 0.10/turn               m - +4 ring of evasion

@: no status effects
A: walk on water
a: Renounce Religion, Smiting, Recall Orcish Followers, Give Item to Named
Follower


You were on level 9 of the Dungeon.
You worshipped Beogh.
Beogh was extremely pleased with you.
You visited 1 branch of the dungeon, and saw 9 of its levels.
You also visited: Sewer.

You collected 423 gold pieces.
You spent 245 gold pieces at shops.

Inventory:

Hand Weapons
 b - a +0 hunting sling
 c - a +2 scythe of protection
 k - the +4 battleaxe "Jidos" {spect, *Noise Fly rElec Int+4}
   (You found it on level 4 of the Dungeon)

   When its wielder attacks, the weapon's spirit leaps out and strikes again.
   The spirit shares a part of any damage it takes with its wielder.
   Int:       It affects your intelligence (+4).
   rElec:     It insulates you from electricity.
   Fly:       It grants you flight.
   *Noise:    It may make noises in combat.
 o - a +0 trident of holy wrath
 B - a +4 antimagic war axe (weapon)
 C - a +0 antimagic halberd
 L - a +0 hand crossbow
 O - a +0 halberd
 R - the +11 short sword "Worm" {flame, rPois Int+4}
   (You found it on level 6 of the Dungeon)

   It burns those it strikes, dealing additional fire damage.
   Int:       It affects your intelligence (+4).
   rPois:     It protects you from poison.
 W - the +13 scythe of Curses {drain, Drain}
   (You found it on level 9 of the Dungeon)

   A truly terrible weapon, it drains the life of any living foe it strikes.
   It inflicts powerful necromantic curses on any living foe it strikes.
   Drain:     It drains your maximum health when unequipped.
Missiles
 a - 43 poisoned darts
 e - 300 stones
 q - 4 javelins
 w - 5 boomerangs (quivered)
 y - 8 throwing nets
 E - 3 curare-tipped darts
Armour
 f - a +2 buckler (worn)
 j - a scarf of shadows (worn)
 z - a +2 pair of boots (worn)
 S - a +0 plate armour (worn)
 Z - a +0 helmet of see invisible (worn)
Magical Staves
 u - a staff of poison
Jewellery
 m - a +4 ring of evasion (right hand)
 p - a +6 ring of strength (left hand)
 s - a +6 ring of dexterity
 t - a +4 ring of evasion
 N - a ring of willpower
Wands
 A - a wand of flame (32)
 D - a wand of mindburst (3)
 Q - a wand of acid (4)
 Y - a wand of paralysis (3)
Scrolls
 h - 2 scrolls of enchant armour {unknown}
 i - 7 scrolls of teleportation
 l - 2 scrolls of holy word
 n - 2 scrolls of noise {unknown}
 r - 7 scrolls of fear
 x - 2 scrolls of amnesia
 G - 3 scrolls of blinking {unknown}
 I - 3 scrolls of fog
 J - a scroll of brand weapon {unknown}
 P - 2 scrolls of immolation {unknown}
 U - a scroll of magic mapping {unknown}
 V - a scroll of identify
Potions
 d - a potion of mutation
 g - 8 potions of ambrosia
 v - 2 potions of heal wounds
 F - a potion of brilliance
 H - a potion of lignification
 K - a potion of haste
 M - a potion of might
 T - a potion of curing
 X - a potion of attraction {unknown}


   Skills:
 + Level 9.7 Fighting
 * Level 14.2 Axes
 + Level 8.1 Armour
 - Level 5.0 Dodging
 - Level 1.5 Stealth
 + Level 9.6 Invocations


You had 10 spell levels left.
You didn't know any spells.
Your spell library was empty.

Dungeon Overview and Level Annotations

Branches:
Dungeon (9/15)             Temple (0/1) D:5             Orc (0/2) D:9
  Sewer (visited)
   Lair: D:8-11

Altars:
Hepliaklqana
Qazlal
Trog
Wu Jian

Shops:
D:7 ?**([   D:8 [   D:9 =


Message History

You slash the meliai! You hit the vampire mosquito.
The meliai hits you but does no damage.
The meliai hits Boghold with a +0 broad axe!
The meliai stings you. The vampire mosquito bites you.
The vampire mosquito draws strength from your injuries!
The fire dragon bites you. The fire dragon claws you.
The fire dragon tramples you but does no damage.
The meliai hits you with a +0 broad axe!
The meliai hits Boghold with a +0 broad axe.
The meliai barely misses you.
Boghold hits the fire dragon but does no damage.
You hit the fire dragon.
The fire dragon is lightly wounded.
You hit the meliai.
You hit the vampire mosquito but do no damage.
The vampire mosquito bites you.
The vampire mosquito draws strength from your injuries!
The meliai hits you with a +0 broad axe!
The meliai hits Boghold with a +0 broad axe!
The meliai stings you. The fire dragon breathes flames at you.
The blast of flame hits you!!
* * * LOW HITPOINT WARNING * * *
The vampire mosquito closely misses you.
The meliai closely misses you.
The meliai closely misses your orc sorcerer.
The meliai stings you but does no damage.
You feel much better. The vampire mosquito bites you!
* * * LOW HITPOINT WARNING * * *
The vampire mosquito draws strength from your injuries!
The meliai calls down the wrath of its god upon you.
Something smites you!
* * * LOW HITPOINT WARNING * * *
The fire dragon barely misses you. The fire dragon claws you!
* * * LOW HITPOINT WARNING * * *
The fire dragon closely misses you.
The vampire mosquito bites you but does no damage.
The meliai invokes the aid of its god against you.
Something smites you!
You die...

#####'####### #o##
o'oooo...# #.o#
o#.o.....#....## ##o#
o#.......#.....[ #o#
[##.)⌠..##(.....###o#
###[....# #.....(#o#
##...## #)...?.#.#
#...# #.yDy#o#
###o### #?.@o#o#
##..oo.## ####o#o#
##.......## ###..o#o#
#...o.....###).ooo#.#
#.........#......o#.#
#....⌠....+...⌠.))'.#
#.........#......)###
#.........###.....#
##.......## ###...#


You could see a fire dragon, a vampire mosquito (ally target), a meliai (ally
target), a friendly orc sorcerer, the friendly Boghold the orc warrior, a
friendly orc priest and 2 friendly orc wizards.

Vanquished Creatures
  A cyclops (D:9)
  Grinder (D:5)
  A slime creature (D:9)
  Sigmund (D:3)
  A vampire (D:7)
  2 wyverns
  5 yaks
  3 steam dragons
  2 vampire mosquitoes (D:9)
  2 orc warriors (D:9)
  4 sky beasts
  A black bear (D:5)
  A black bear (shapeshifter) (D:9)
  2 ice beasts (D:5)
  2 ogres
  9 centaurs
  6 kobold brigands
  2 bullfrogs (D:8)
  A necrophage (D:5)
  2 scorpions
  24 killer bees
  2 jellies (D:3)
  2 orc priests
  2 gnoll shamans (D:6)
  6 hounds
  4 iguanas
  3 orc wizards
  22 gnolls
  2 river rats
  2 adders
  A white imp (D:6)
  7 worms
  A dart slug (D:4)
  11 orcs
  11 ball pythons
  7 endoplasms
  3 giant cockroaches
  9 goblins
  11 hobgoblins
  2 jackals (D:4)
  A quokka (D:1)
  6 bats
  A frilled lizard (D:2)
  24 kobolds
  12 rats
225 creatures vanquished.

Vanquished Creatures (collateral kills)
  A two-headed ogre (D:8)
  A queen bee (D:9)
  2 wyverns
  3 yaks (D:8)
  A vampire mosquito (D:9)
  An acid dragon (D:9)
  An ice beast (D:8)
  A centaur (D:7)
  2 bullfrogs
  A kobold brigand (D:9)
  9 killer bees
  2 orc wizards (D:7)
  3 gnolls
  2 orcs
  3 kobolds (D:9)
33 creatures vanquished.

Vanquished Creatures (others)
  An orc knight (D:9)
  An orc priest (D:7)
  A shadow imp (D:4)
  3 orcs
  A ball python (D:4)
7 creatures vanquished.

Grand Total: 265 creatures vanquished

Notes
Turn   | Place    | Note
-------+----------+-------------------------------------------
     0 | D:1      | garrulousMonolith the Hill Orc Monk began the quest for the
                  | Orb.
     0 | D:1      | Reached XP level 1. HP: 19/19 MP: 1/1
   375 | D:1      | Reached XP level 2. HP: 26/27 MP: 2/2
   542 | D:1      | Reached skill level 1 in Invocations
   905 | D:1      | Reached XP level 3. HP: 25/33 MP: 3/3
   906 | D:1      | Reached skill level 1 in Armour
  1327 | D:2      | Found a faded altar of an unknown god.
  2055 | D:3      | Reached skill level 5 in Axes
  2055 | D:3      | Reached XP level 4. HP: 40/40 MP: 5/5
  2063 | D:3      | Noticed Sigmund
  2094 | D:3      | Reached XP level 5. HP: 17/46 MP: 6/6
  2164 | D:3      | Killed Sigmund
  2165 | D:3      | Reached skill level 6 in Axes
  2165 | D:3      | Reached XP level 6. HP: 41/53 MP: 6/8
  2947 | D:4      | Identified the +4 battleaxe "Jidos" {spect, *Noise Fly
                  | rElec Int+4}
  3201 | D:4      | Became a worshipper of Beogh the Brigand
  3201 | D:4      | Reached * piety under Beogh
  3201 | D:4      | Reached ** piety under Beogh
  3623 | D:4      | Reached skill level 5 in Fighting
  3623 | D:4      | Reached XP level 7. HP: 46/61 MP: 9/9
  3879 | D:5      | Entered Level 5 of the Dungeon
  3888 | D:5      | Reached skill level 7 in Axes
  3976 | D:5      | Found a staircase to the Ecumenical Temple.
  4013 | D:5      | Reached XP level 8. HP: 69/69 MP: 11/11
  4035 | D:5      | Reached skill level 8 in Axes
  4104 | D:5      | Noticed Grinder
  4111 | D:5      | Killed Grinder
  4149 | D:5      | Found a bloodstained altar of Trog.
  4194 | D:5      | Reached skill level 5 in Invocations
  4737 | D:6      | Noticed a wyvern
  4741 | D:6      | Killed a wyvern
  4742 | D:6      | Reached skill level 9 in Axes
  4857 | D:6      | Reached *** piety under Beogh
  4858 | D:6      | Reached XP level 9. HP: 67/78 MP: 13/13
  4942 | D:6      | Found a glowing drain.
  4951 | Sewer    | Entered a sewer
  5226 | Sewer    | Reached skill level 5 in Armour
  5392 | D:6      | Identified the +1 robe of Zupt {Fly rCorr Str-4 Slay+5}
  5572 | D:6      | Gained Boderik as an ally
  5575 | D:6      | Reached skill level 10 in Axes
  6248 | D:6      | Identified the +11 short sword "Worm" {flame, rPois Int+4}
  6388 | D:7      | Found Geih's Antique Armour Shoppe.
  6391 | D:7      | Bought a shiny buckler for 217 gold pieces
  6419 | D:7      | Found Atuhu's Assorted Antiques.
  6444 | D:7      | Found Raock's General Store.
  6497 | D:7      | Found a hazy altar of Hepliaklqana.
  6525 | D:7      | Your ally Boderik died
  6531 | D:7      | Reached skill level 5 in Dodging
  6894 | D:7      | Found Lusonk's Magic Scroll Shoppe.
  6901 | D:7      | Bought a scroll of fog for 28 gold pieces
  7095 | D:7      | Reached skill level 11 in Axes
  7243 | D:7      | Found Irugeq's Antique Weapon Boutique.
  7577 | D:8      | Reached **** piety under Beogh
  7649 | D:8      | Found a stormy altar of Qazlal.
  7660 | D:8      | Reached XP level 10. HP: 81/88 MP: 5/15
  8010 | D:8      | Found Xuafofil's Armour Shoppe.
  8054 | D:8      | Noticed a two-headed ogre
  8060 | D:8      | Killed a two-headed ogre
  8061 | D:8      | Reached skill level 12 in Axes
  8736 | D:9      | Found Ifrup's Jewellery Emporium.
  8817 | D:9      | Reached skill level 13 in Axes
  8828 | D:9      | Gained Boghold as an ally
  9255 | D:9      | Found a staircase to the Orcish Mines.
  9535 | D:9      | Found an ornate altar of the Wu Jian Council.
  9579 | D:9      | Reached XP level 11. HP: 97/97 MP: 2/17
  9908 | D:9      | Noticed a cyclops
  9921 | D:9      | Killed a cyclops
  9922 | D:9      | Found the +13 scythe of Curses {drain, Drain}
 10033 | D:9      | Reached ***** piety under Beogh
 10107 | D:9      | Reached skill level 14 in Axes
 10399 | D:9      | Noticed a fire dragon
 10405 | D:9      | Killed from afar by a meliai

Illustrated notes

Levels and vault maps discovered:
D:1:      lemuel_arrival_broad_hall, layout_basic
D:2:      layout_loops_cross, dreamdust_ecumenical_altar_statues
D:3:      layout_basic, uniq_sigmund
D:4:      layout_loops_ring
D:5:      layout_rooms, trog_antimagical, minmay_temple_entry_slanted,
          uniq_grinder
D:6:      layout_layer_cave, cheibrodos_sewer_entry_sluice
D:7:      layout_basic, mainiacjoe_overflow_24_doors, serial_shops,
          nicolae_shop_hallway_stairs, nicolae_stop_n_shop_2,
          nicolae_shop_hallway_plus, shop_statue, shop, centaur_isle
D:8:      layout_basic, nicolae_overflow_crystal_walls, serial_shops, shop,
          grunt_ministairs_15
D:9:      layout_roguey, nzn_wu_jian_contemplation, orc_0_dummy, special_room
          [special_room_bee], serial_shops, nicolae_lakefront_shop,
          hangedman_glass_teeth, minivault_24, nicolae_rejected_hall

Skill      XL: |  1  2  3  4  5  6  7  8  9 10 11 |
---------------+----------------------------------+-----
Invocations    | 1 2 3 4 5 7 9 |  9.6
Armour         | 1 2 3 4 6 7 8 |  8.1
Fighting       | 4 5 6 7 9 |  9.7
Axes           | 5 6 7 9 11 13 14 | 14.2
Dodging        | 3 4 5 |  5.0
Stealth        | |  1.5

Action                   |  1- 3 |  4- 6 |  7- 9 | 10-12 || total
-------------------------+-------+-------+-------+-------++-------
Melee: Hand axe          |    28 |       |       |       ||    28
       War axe           |    58 |    84 |    40 |   157 ||   339
       Punch             |     2 |     1 |       |       ||     3
       Battleaxe         |       |    31 |   121 |       ||   152
 Fire: Hunting sling     |    16 |       |       |       ||    16
Throw: Javelin           |     2 |     2 |       |       ||     4
       Boomerang         |       |       |     7 |       ||     7
Invok: Convert to Beogh  |       |     1 |       |       ||     1
       Smiting           |       |       |     1 |     2 ||     3
Evoke: Wand              |       |       |     4 |     3 ||     7
  Use: Potion            |       |     3 |       |     2 ||     5
       Scroll            |       |     1 |     6 |     3 ||    10
 Stab: Sleeping          |     1 |       |       |       ||     1
       Distracted        |       |       |     5 |     3 ||     8
       Confused          |       |       |     1 |       ||     1
Armor: Robe              |    10 |       |       |       ||    10
       Ring mail         |    10 |    10 |     6 |       ||    26
       Chain mail        |       |       |    46 |    44 ||    90
       Plate armour      |       |       |       |    59 ||    59
Dodge: Dodged            |    57 |    94 |   121 |   189 ||   461
Block: Buckler           |       |       |    21 |    65 ||    86

Table legend: (Time is in decaauts)
 A = Elapsed time spent in this place.
 B = Non-inter-level travel time spent in this place.
 C = Inter-level travel time spent in this place.
 D = Time resting spent in this place.
 E = Time spent auto-exploring this place.
 F = Levels seen in this place.
 G = Mean time per level.
                   A        B        C        D        E       F      G
               +--------+--------+--------+--------+--------+-----+--------+
         Total |  10477 |  10095 |    382 |   2314 |   6116 |  10 | 1047.7 |
       Dungeon |  10045 |   9663 |    382 |   2187 |   5941 |   9 | 1116.1 |
         Sewer |    432 |    432 |      0 |    127 |    175 |   1 |  432.0 |
               +--------+--------+--------+--------+--------+-----+--------+

Top non-repeatable levels by time:
     D:9: 1750 daAuts
     D:6: 1338 daAuts
     D:1: 1267 daAuts
     D:7: 1189 daAuts
     D:8: 1062 daAuts
     D:3: 990 daAuts
     D:4: 967 daAuts
     D:5: 771 daAuts
     D:2: 708 daAuts
   Sewer: 432 daAuts
